 Dungeon Crawl Stone Soup version 0.30-a0-377-g5cb311bc9f (webtiles) character file.

Game seed: 5753077426627314628

51 qeuew the Grave Robber (level 3, 0/19 HPs)
             Began as a Deep Elf Necromancer on Nov 29, 2022.
             Slain by a gnoll
             ... wielding a +0 flail
              (11 damage)
             ... on level 2 of the Dungeon.
             The game lasted 00:01:39 (999 turns).

qeuew the Grave Robber (Deep Elf Necromancer)        Turns: 999, Time: 00:01:39

Health: 0/19       AC:  1    Str:  4 (5)  XL:     3   Next: 58%
Magic:  2/10       EV: 13    Int: 18 (19) God:
Gold:   49         SH:  0    Dex: 15 (17) Spells: 8/9 levels left

rFire   . . .      SeeInvis .    f - +0 short sword
rCold   . . .      Faith    .    (no shield)
rNeg    . . .      Spirit   .    a - +0 robe
rPois   +          Reflect  .    (no helmet)
rElec   .          Harm     .    (no cloak)
rCorr   .          Rampage  .    (no gloves)
Will    .....                    (no boots)
Stlth   ++........               (no amulet)
HPRegen 0.23/turn                (no ring)
MPRegen 0.12/turn                (no ring)

@: no status effects
A: deformed body, poison resistance
a: no special abilities


You were on level 2 of the Dungeon.
You visited 1 branch of the dungeon, and saw 2 of its levels.

You collected 49 gold pieces.

Inventory:

Hand Weapons
 f - a +0 short sword (weapon)
Armour
 a - a +0 robe (worn)
Scrolls
 i - 2 scrolls of blinking
Potions
 b - a potion of magic
 d - a potion of might
 h - a potion of brilliance
 j - a potion of curing
 l - a potion of ambrosia


   Skills:
 + Level 0.6 Short Blades
 + Level 3.1 Dodging
 + Level 3.2 Stealth
 + Level 3.7 Spellcasting
 + Level 5.2 Necromancy


You had 8 spell levels left.
You knew the following spells:

 Your Spells              Type           Power      Damage    Failure   Level
a - Necrotise             Necr           88%        1d8       1%          1

Your spell library contained the following spells:

 Spells                   Type           Power      Damage    Failure   Level
 Vampiric Draining        Necr           22%        2d7       5%          3
 Animate Dead             Necr           22%        N/A       17%         4
 Agony                    Necr           22%        N/A       43%         5


Dungeon Overview and Level Annotations

Branches:
Dungeon (2/15)

Altars:


Innate Abilities, Weirdness & Mutations

Armour fits poorly on your strangely shaped body.
Your system is resistant to poisons. (rPois)


Message History

You feel resistant to poisons.
It was a potion of ambrosia.
You are confused.
You feel invigorated.
It was a potion of degeneration.
There was something very wrong with that liquid.
You feel weakened.
You feel dopey.
You feel clumsy.
Okay, then.
You feel less invigorated.
You feel less confused.
(D) Dungeon
Where to? (Enter - D:1 @ (x,y), ? - help)
What level of the Dungeon? (default 1, ? - help)
You see here a stone.
There is a stone staircase leading down here.
You climb downwards.
There is a stone staircase leading up here.
A gnoll comes into view. It is wielding a +0 halberd.
You can't see any susceptible monsters within range! (Use Z to cast anyway.)
The gnoll shouts!
The gnoll writhes in agony.
You hear a shout! x3
The gnoll writhes in agony.
A gnoll comes into view. It is wielding a +0 whip.
The gnoll writhes in agony.
A gnoll comes into view. It is wielding a +0 flail.
The gnoll barely resists.
The gnoll misses you.
The gnoll barely resists.
The gnoll barely misses you.
The gnoll writhes in agony!
You kill the gnoll!
The dead are walking!
The gnoll writhes in agony.
A gnoll comes into view. It is wielding a +0 spear.
The gnoll barely resists.
Your gnoll skeleton hits the gnoll.
The gnoll hits you with a +0 flail!
The gnoll writhes in agony.
Your gnoll skeleton closely misses the gnoll.
The gnoll hits you with a +0 flail!
Ouch! That really hurt!
You die...

#.#########
#......<..#
#########.#
.....#.#####.###
.........@ggg....
#############Z###


You could see 3 gnolls and a friendly gnoll skeleton.

Vanquished Creatures
  A gnoll (D:2)
  A dart slug (D:1)
  5 ball pythons (D:1)
  3 bats (D:1)
  3 endoplasms (D:1)
  A giant cockroach (D:1)
  5 goblins (D:1)
  3 hobgoblins (D:1)
  2 jackals (D:1)
  2 kobolds (D:1)
  2 quokkas (D:1)
  A frilled lizard (D:1)
  4 rats (D:1)
33 creatures vanquished.

Vanquished Creatures (collateral kills)
  A dart slug (D:1)
1 creature vanquished.

Grand Total: 34 creatures vanquished

Notes
Turn   | Place    | Note
-------+----------+-------------------------------------------
     0 | D:1      | qeuew the Deep Elf Necromancer began the quest for the Orb.
     0 | D:1      | Reached XP level 1. HP: 10/10 MP: 6/6
   102 | D:1      | Reached skill level 5 in Necromancy
   102 | D:1      | Reached XP level 2. HP: 15/15 MP: 5/8
   430 | D:1      | Reached XP level 3. HP: 19/19 MP: 8/10
   829 | D:1      | Found a faded altar of an unknown god.
   969 | D:1      | Gained mutation: Your body sometimes deteriorates upon
                  | taking damage. [potion of mutation]
   970 | D:1      | Lost mutation: Your body sometimes deteriorates upon taking
                  | damage. [potion of mutation]
   970 | D:1      | Gained mutation: Armour fits poorly on your strangely
                  | shaped body. [potion of mutation]
   970 | D:1      | Gained mutation: Your system is resistant to poisons.
                  | (rPois) [potion of mutation]
   999 | D:2      | Slain by a gnoll

Illustrated notes

Levels and vault maps discovered:
D:1:      onia_arrival_mini_spirals, layout_rooms,
          shapermc_ecumenical_altar_hornbeckon, minmay_tromino_mix6
D:2:      layout_basic, minivault_27

Skill      XL: |  1  2 |
---------------+-------+-----
Necromancy     | 5 |  5.2
Stealth        | 3 |  3.2
Dodging        | 3 |  3.1
Short Blades   | |  0.6
Spellcasting   | |  3.7

Action                   || total
-------------------------++-------
Melee: Unarmed           ||     4
       Short sword       ||     2
 Cast: Necrotise         ||    56
  Use: Scroll            ||     5
       Potion            ||     5
Armor: Robe              ||     2
Dodge: Dodged            ||    16

Table legend: (Time is in decaauts)
 A = Elapsed time spent in this place.
 B = Non-inter-level travel time spent in this place.
 C = Inter-level travel time spent in this place.
 D = Time resting spent in this place.
 E = Time spent auto-exploring this place.
 F = Levels seen in this place.
 G = Mean time per level.
                   A        B        C        D        E       F      G
               +--------+--------+--------+--------+--------+-----+--------+
         Total |   1005 |    990 |     15 |      0 |    834 |   2 |  502.5 |
       Dungeon |   1005 |    990 |     15 |      0 |    834 |   2 |  502.5 |
               +--------+--------+--------+--------+--------+-----+--------+

Top non-repeatable levels by time:
     D:1: 990 daAuts
     D:2: 14 daAuts
